Cogmind - Beta 11.1 --- EXPLORER MODE // 2022.06.19 @ 18:11:45 // Winter2019/RPGLIKE Player: Grimbling Result: Escaped singularity! Performance ------------- Evolutions (9) 4500 Regions Visited (30) 6000 Robots Destroyed (633) 3165 Value Destroyed (34540) 34540 Prototype IDs (280) 5600 Alien Tech Used (12) 2400 Bonus (47945) 47945 TOTAL SCORE: 104150 Bonus ------- Triggered High Security 500 High Alert Combat Kills 4371 Follower Combat Kills 278 Entered Garrisons 600 Met Zhirov 300 Met Warlord at Base 500 MAIN.C Attacked Warlord 500 Hacked Protovariant 500 Met Warlord at Research 2000 Scanned by Researcher 500 Acquired SGEMP 2000 Delivered SGEMP 2000 Destroyed MAIN.C Guards 500 Met MAIN.C 5000 Destroyed MAIN.C Shell 5000 Zhirov Destroyed MAIN.C 3000 Met Warlord at Command 2000 Met Architect 300 Destroyed A8 300 Destroyed Architect 15000 Win 3000 Friendly Fire -204 Cogmind --------- Core Integrity 847/1000 Matter 250/300 Energy 398/400 System Corruption 0% Temperature Cool (0) Movement Core (50) Location Near Former Tau Ceti IV Parts ------- > --- POWER (4) -------- (None) > --- PROPULSION (5) --- (None) > --- UTILITY (12) ----- (None) > --- WEAPON (5) ------- (None) > --- INVENTORY (8) ---- Protomatter-96 Protomatter-84 Protomatter-82 Protomatter-23 Graphene Brace Advanced EM Disruption Field Antimissile System Null Cannon Peak State ------------ > --- POWER ------------ Graviton Reactor Zero-point Reactor Vortex Chain Reactor > --- PROPULSION ------- High-density Centrium Leg High-density Centrium Leg High-density Centrium Leg Experimental Biometal Leg Experimental Biometal Leg > --- UTILITY ---------- Long-range Terrain Scanner Advanced Target Analyzer Advanced Particle Charger Advanced Reaction Control System Advanced Phase Shifter SHELL Armor Graphene Brace Experimental Focal Shield Beam Splitter AEGIS Remote Shield > --- WEAPON ----------- Heavy Dispersion Rifle Heavy Dispersion Rifle Heavy Quantum Rifle Improved Potential Cannon > --- INVENTORY -------- Protomatter Protomatter Protomatter Advanced EM Disruption Field Antimissile System Transdimensional Reconstructor Transdimensional Reconstructor Enhanced Quantum Rifle [Rating: 254] Favorites ----------- Power Vortex Chain Reactor Engine Heavy Deuterium Engine Power Core Nuclear Core Reactor Vortex Chain Reactor Propulsion High-density Centrium Leg Leg High-density Centrium Leg Utility Improved Signal Interpreter Device Advanced Particle Charger Storage Experimental Energy Well Processor Improved Signal Interpreter Hackware Ghost Barrier Protection SHELL Armor Artifact Microwarp Drive Weapon Heavy Dispersion Rifle Energy Gun Heavy Dispersion Rifle Energy Cannon Improved Potential Cannon Ballistic Gun Light Assault Rifle Launcher Sigix Terminator Impact Weapon Core Stripper Build | -11 -10 -10 -10 -9 -8 -8 -8 -7 -7 -7 -7 -5 -5 -5 -5 -4 -4 -4 -4 -4 -3 -3 -3 -3 -2 -2 -2 -1 -1 -1 ------- Run | Scr Mat Min Exi Min Mat Gar Mat Fac Sto Gar Rec Fac Upp Upp War Pro Fac Upp Upp Zhi Pro Res Tes Gar Res Qua Sec Acc Com Ac0 Slots Evolved 22 | 4 . 2 . . 2 3 2 1 . 1 1 1 1 . . . 1 . . . . 1 . . 1 . . . 1 . Power 3 | . . 1 . . . . . 1 . . . . . . . . . . . . . 1 . . . . . . . . Propulsion 4 | 1 . 1 . . . 1 . . . . . 1 . . . . . . . . . . . . . . . . . . Utility 11 | 2 . . . . . 2 1 . . 1 1 . 1 . . . 1 . . . . . . . 1 . . . 1 . Weapon 4 | 1 . . . . 2 . 1 . . . . . . . . . . . . . . . . . . . . . . . Parts Attached 279 | 7 11 3 . 1 8 7 23 4 11 3 1 25 2 . 6 2 19 . 1 9 . 30 21 4 5 19 26 2 24 5 Power 35 | 1 . 1 . . 2 . 4 2 1 . . 4 1 . 1 . 1 . . 1 . 4 2 1 . 3 3 . 3 . Engine 9 | 1 . 1 . . 1 . 3 1 1 . . . 1 . . . . . . . . . . . . . . . . . Core 7 | . . . . . 1 . 1 1 . . . 4 . . . . . . . . . . . . . . . . . . Reactor 19 | . . . . . . . . . . . . . . . 1 . 1 . . 1 . 4 2 1 . 3 3 . 3 . Propulsion 43 | 2 2 1 . . 1 4 1 1 1 1 . 1 . . 2 . 6 . . . . 1 5 2 . 1 6 . 5 . Treads . | . . . . . . . . . . . . . . . . . . . . . . . . . . . . . . . Leg 43 | 2 2 1 . . 1 4 1 1 1 1 . 1 . . 2 . 6 . . . . 1 5 2 . 1 6 . 5 . Wheel . | . . . . . . . . . . . . . . . . . . . . . . . . . . . . . . . Hover . | . . . . . . . . . . . . . . . . . . . . . . . . . . . . . . . Flight . | . . . . . . . . . . . . . . . . . . . . . . . . . . . . . . . Utility 127 | 2 3 1 . 1 2 2 7 1 2 2 1 11 1 . 3 2 11 . . 3 . 19 12 1 5 7 13 2 10 3 Device 93 | 1 2 . . 1 . 1 2 1 1 . 1 6 1 . 2 2 9 . . 1 . 15 9 1 5 7 12 1 9 3 Storage 2 | . . . . . . . . . . . . . . . . . 1 . . . . . 1 . . . . . . . Processor 9 | . 1 . . . 1 1 1 . 1 1 . . . . . . . . . . . 2 . . . . . . 1 . Hackware 1 | . . . . . . . . . . . . . . . 1 . . . . . . . . . . . . . . . Protection 21 | 1 . 1 . . 1 . 4 . . 1 . 5 . . . . 1 . . 2 . 2 2 . . . . 1 . . Artifact 1 | . . . . . . . . . . . . . . . . . . . . . . . . . . . 1 . . . Weapon 74 | 2 6 . . . 3 1 11 . 7 . . 9 . . . . 1 . 1 5 . 6 2 . . 8 4 . 6 2 Energy Gun 61 | . 5 . . . 3 1 11 . 7 . . 9 . . . . 1 . 1 5 . 6 1 . . 5 2 . 3 1 Energy Cannon 8 | . . . . . . . . . . . . . . . . . . . . . . . 1 . . 2 2 . 2 1 Ballistic Gun 3 | 2 1 . . . . . . . . . . . . . . . . . . . . . . . . . . . . . Ballistic Cannon . | . . . . . . . . . . . . . . . . . . . . . . . . . . . . . . . Launcher 1 | . . . . . . . . . . . . . . . . . . . . . . . . . . . . . 1 . Special Weapon . | . . . . . . . . . . . . . . . . . . . . . . . . . . . . . . . Impact Weapon 1 | . . . . . . . . . . . . . . . . . . . . . . . . . . 1 . . . . Slashing Weapon . | . . . . . . . . . . . . . . . . . . . . . . . . . . . . . . . Piercing Weapon . | . . . . . . . . . . . . . . . . . . . . . . . . . . . . . . . Special Melee Weapon . | . . . . . . . . . . . . . . . . . . . . . . . . . . . . . . . Unidentified Prototypes 59 | . . . . 1 2 . 2 . 7 . . 5 . . 4 1 1 . . 3 . 8 8 . . 5 10 1 1 . Corrupted Parts 1 | . . . . . . . . . . . . . . . . 1 . . . . . . . . . . . . . . System Corruption 3 | . . . . . . . . . . . . . . . . 3 . . . . . . . . . . . . . . Parts Lost 1 | . . . . . . . . . . . . . . . . . 1 . . . . . . . . . . . . . Power . | . . . . . . . . . . . . . . . . . . . . . . . . . . . . . . . Propulsion . | . . . . . . . . . . . . . . . . . . . . . . . . . . . . . . . Utility 1 | . . . . . . . . . . . . . . . . . 1 . . . . . . . . . . . . . Weapon . | . . . . . . . . . . . . . . . . . . . . . . . . . . . . . . . Highest Loss Streak 1 | . . . . . . . . . . . . . . . . . 1 . . . . . . . . . . . . . To Critical Strikes . | . . . . . . . . . . . . . . . . . . . . . . . . . . . . . . . Average Slot Usage (%) 92 | . 99 98 100 100 96 97 98 96 99 99 100 99 100 100 96 95 93 95 95 73 95 94 88 83 83 83 83 84 83 83 Engine 3 | . 12 14 20 20 13 6 5 5 8 10 10 6 7 9 2 . . . . . . . . . . . . . . . Core 2 | . . . . . 3 6 5 7 7 5 5 6 5 4 4 4 . . . . . . . . . . . . . . Reactor 6 | . . . . . . . . . . . . . . . 3 4 8 8 8 8 8 11 12 12 12 11 11 12 10 11 Leg 21 | . 25 26 30 30 25 28 24 22 22 21 20 22 22 22 22 22 21 21 21 21 21 20 19 20 20 20 19 20 19 19 Device 23 | . 18 21 10 14 12 8 20 17 21 21 24 23 26 27 23 22 22 26 26 25 26 29 29 25 27 27 27 28 29 29 Processor 4 | . 5 . . . 1 6 2 5 5 8 10 4 4 4 4 4 4 4 4 4 4 7 6 4 4 4 4 4 3 3 Protection 6 | . 12 13 20 15 8 6 10 9 5 5 5 9 9 9 9 9 10 13 13 13 13 3 1 4 4 4 4 4 3 3 Energy Gun 19 | . 19 23 20 20 29 29 27 27 26 26 25 23 22 22 22 22 21 21 21 1 21 19 12 12 12 11 11 12 10 10 Energy Cannon 1 | . . . . . . . . . . . . . . . . . . . . . . . 3 4 4 4 3 4 3 3 Naked Turns 3 | . . . . . . . . . . . . . . . . . . . . . . . . . . . . . . 3 Heaviest Build 177 | 11 16 19 19 22 31 35 52 54 57 57 58 78 84 84 99 96 113 112 113 113 103 122 162 169 171 172 167 165 177 171 Greatest Support 175 | 20 20 30 30 30 42 65 67 67 70 70 70 90 90 90 130 130 150 150 150 150 150 150 171 171 171 171 173 173 175 175 Greatest Overweight (x) 1 | . 1 . . . . . . . . . . 1 . . . . . . . . . . . 1 . 1 1 . 1 . Average Overweight (x) . | . . . . . . . . . . . . . . . . . . . . . . . . . . . . . . . Largest Inventory Capacity 8 | 3 3 3 3 3 5 5 5 5 5 5 5 5 5 5 5 5 5 5 5 5 6 7 7 7 7 7 8 8 8 8 Average Capacity 5 | 3 3 3 3 3 4 5 5 5 5 5 5 5 5 5 5 5 5 5 5 5 5 6 7 7 7 7 7 8 8 8 Most Carried 8 | . 2 2 1 3 5 5 5 5 5 5 5 5 5 5 5 5 5 5 5 5 6 7 7 7 7 7 8 8 8 8 Average Carried 5 | . . . 1 2 2 3 4 4 4 4 4 4 4 4 4 4 4 5 4 4 5 5 6 6 6 6 6 6 7 6 Final Capacity 8 | 3 3 3 3 3 5 5 5 5 5 5 5 5 5 5 5 5 5 5 5 5 6 7 7 7 7 7 8 8 8 8 Final Carried 8 | . . 1 1 2 2 4 5 5 5 5 4 5 4 5 5 5 5 5 5 5 6 6 6 7 7 7 8 6 7 8 Class Distribution -------------------- 29% | Generator-Tank 26% | Hacker-Skirmisher 18% | Scavenger-Skirmisher 10% | Generator-Gunner 10% | Generator-Skirmisher 3% | Hacker-Gunner Dominant Class ---------------- Hacker-Skirmisher | -10/Materials Hacker-Skirmisher | -10/Mines Scavenger-Skirmisher | -10/Exiles Scavenger-Skirmisher | -9/Mines Hacker-Skirmisher | -8/Materials Scavenger-Skirmisher | -8/Garrison Scavenger-Skirmisher | -8/Materials Hacker-Skirmisher | -7/Factory Hacker-Skirmisher | -7/Storage Hacker-Gunner | -7/Garrison Hacker-Skirmisher | -7/Recycling Hacker-Skirmisher | -5/Factory Scavenger-Skirmisher | -5/Upper Caves Scavenger-Skirmisher | -5/Upper Caves Hacker-Skirmisher | -5/Warlord Hacker-Skirmisher | -4/Proximity Caves Hacker-Skirmisher | -4/Factory Generator-Tank | -4/Upper Caves Generator-Tank | -4/Upper Caves Generator-Mutant | -4/Zhirov Generator-Tank | -3/Proximity Caves Generator-Gunner | -3/Research Generator-Gunner | -3/Testing Generator-Skirmisher | -3/Garrison Generator-Skirmisher | -2/Research Generator-Tank | -2/Quarantine Generator-Tank | -2/Section 7 Generator-Tank | -1/Access Generator-Tank | -1/Command Generator-Tank | -1/Access_0 Resources | -11 -10 -10 -10 -9 -8 -8 -8 -7 -7 -7 -7 -5 -5 -5 -5 -4 -4 -4 -4 -4 -3 -3 -3 -3 -2 -2 -2 -1 -1 -1 ----------- Run | Scr Mat Min Exi Min Mat Gar Mat Fac Sto Gar Rec Fac Upp Upp War Pro Fac Upp Upp Zhi Pro Res Tes Gar Res Qua Sec Acc Com Ac0 Matter Collected 3406 | 320 122 20 . 17 80 70 236 10 126 59 10 235 43 12 65 . 195 32 10 . 115 348 215 142 89 128 432 25 10 240 Remotely . | . . . . . . . . . . . . . . . . . . . . . . . . . . . . . . . Salvage Created 28154 | 252 376 84 . . 325 620 1366 221 1906 1125 577 1987 325 276 . 294 2140 . 107 . 191 3595 1687 1461 104 1037 4397 536 1525 1640 Parts 1334 | 18 29 8 . . 26 29 83 8 61 60 36 107 14 11 . 9 82 3 8 . 21 153 101 88 2 49 182 12 60 74 Haulers Intercepted 30 | . 1 . . . 3 . 4 . 5 . . 4 . . . . 2 . . . . 3 2 . 1 1 3 1 . . Recyclers Shooed 6 | . 1 . . . . . 1 . . . . . . . . . 1 . . . . 2 . . . . . . 1 . Parts Field Recycled . | . . . . . . . . . . . . . . . . . . . . . . . . . . . . . . . Retrieved Matter . | . . . . . . . . . . . . . . . . . . . . . . . . . . . . . . . Parts Self-Destructed . | . . . . . . . . . . . . . . . . . . . . . . . . . . . . . . . Prevented . | . . . . . . . . . . . . . . . . . . . . . . . . . . . . . . . Kills | -11 -10 -10 -10 -9 -8 -8 -8 -7 -7 -7 -7 -5 -5 -5 -5 -4 -4 -4 -4 -4 -3 -3 -3 -3 -2 -2 -2 -1 -1 -1 ------- Run | Scr Mat Min Exi Min Mat Gar Mat Fac Sto Gar Rec Fac Upp Upp War Pro Fac Upp Upp Zhi Pro Res Tes Gar Res Qua Sec Acc Com Ac0 Combat Hostiles Destroyed 464 | . 6 2 . . 14 20 25 5 25 30 15 30 7 6 . 6 30 1 3 . 7 48 26 34 . 17 63 3 22 19 Guns 386 | . 6 2 . . 13 19 25 4 23 27 15 25 7 5 . 4 25 1 2 . 7 44 17 32 . 11 41 3 14 14 Cannons 13 | . . . . . . . . . . . . . . . . . . . . . . . 3 . . 1 7 . . 2 AOE 29 | . . . . . . . . 1 . . . 2 . . . . . . . . . . 3 . . 2 11 . 7 3 Classes Destroyed 27 | 3 3 1 . . 2 3 1 1 . 1 1 2 . . . . . . . . . . 4 . . 1 3 . 1 . Worker 25 | 1 1 . . . . . 3 1 4 . . 7 . . . . 1 . . . . 3 3 . . . 1 . . . Builder 18 | . . . . . . . 1 . 2 . 1 1 . . . . 3 . . . . 4 2 . . . 3 1 . . Tunneler 9 | 7 . . . . . . 2 . . . . . . . . . . . . . . . . . . . . . . . Hauler 30 | . 1 . . . 3 . 4 . 5 . . 4 . . . . 2 . . . . 3 2 . 1 1 3 1 . . Recycler 22 | 1 1 1 . . . . 3 . 3 . 6 2 . . . . 1 . . . . 2 . . . . . 1 1 . Carrier 3 | . . . . . . . . . . . . . . . . . . . . . . . . . . . 1 . 2 . Mechanic 3 | . . . . . . . . . . . . . . . . . . . . . . . . . . . 2 . 1 . Operator 14 | . . . . . 1 . 2 1 2 . . . . . . . 1 . . . . 2 1 . . 1 3 . . . Drone 16 | . . . . . . . . . . . 15 . . . . . . . 1 . . . . . . . . . . . Watcher 44 | . 3 . . . 2 1 5 1 2 . . 5 . . . . 5 . . . . 8 2 . . 3 5 . 2 . Swarmer 81 | . . 2 . . 8 5 6 . 7 12 . 10 3 . . . 7 . . . 3 4 2 6 . . 1 . 5 . Cutter 2 | . . . . . . . . . . 2 . . . . . . . . . . . . . . . . . . . . Saboteur 1 | . . . . . . . . . . . . . . . . . . . . . . . . . . . . . 1 . Grunt 143 | . 6 . . . 5 10 7 1 8 13 . 4 3 6 . 5 3 . . . 1 18 6 16 . 3 22 . 6 . Brawler 10 | . . . . . . 1 1 2 . . . 1 . . . . . . . . . . . . . . 4 . 1 . Duelist 6 | . . . . . . 1 . . . . . . . . . . . . . . . . . 1 . . 4 . . . Protector 3 | . . . . . . . . . . . . 1 . . . . . . . . . . . . . . 2 . . . Researcher 3 | . . . . . . . . . . . . . . . . . . . . . . . 2 . . . 1 . . . Sentry 54 | . . . . . 1 2 10 1 8 2 . 3 1 . . . 6 . . . 1 5 . 5 . . 8 . 1 . Specialist 5 | . . . . . . . . . . . . . . . . . . . . . . . 3 2 . . . . . . Hunter 40 | . . . . . . 1 1 . . . . 7 . . . . 4 . 2 . 2 8 2 . . 5 4 2 2 . Programmer 64 | . . . . . . . . 1 2 1 . 4 . . . 1 9 . . . . 12 9 4 . 4 13 1 3 . Q-Series 3 | . . . . . . . . . . . . . . . . . . . . . . . . . . 3 . . . . Behemoth 5 | . . . . . . . . . . . . 1 . . . . 1 1 . . . 1 . . . . 1 . . . Enhanced Grunt 12 | . . . . . . . . . . . . . . . . . . . . . . . . . . . . . . 12 Enhanced Hunter 5 | . . . . . . . . . . . . . . . . . . . . . . . . . . . . . . 5 Combat Programmer 2 | . . . . . . . . . . . . . . . . . . . . . . . . . . . . . 2 . Striker 2 | . . . . . . . . . . . . . . . . . . . . . . . 2 . . . . . . . Executioner 2 | . . . . . . . . . . . . . . . . . . . . . . . . . . . 2 . . . Alpha 7 4 | . . . . . . . . . . . . . . . . . . . . . . . 1 . . 1 2 . . . Protovariant X 1 | . . . . . . . . . . . . . . . . . . . . . . . 1 . . . . . . . Guerrilla 1 | . . . . . . . . . . . . . . . . . . . . . . . . . . 1 . . . . Best Kill Streak 14 | 2 2 2 . . 11 3 7 3 10 6 13 6 3 4 . 3 6 1 3 . 3 14 6 14 1 5 12 4 8 7 Combat Bots Only 14 | . 2 2 . . 11 3 3 3 7 6 5 5 3 4 . 3 4 1 3 . 3 9 5 14 . 5 11 2 8 7 Max Kills in Single Turn 7 | 1 1 1 . . 1 1 3 1 4 3 3 4 2 2 . 1 3 1 1 . 1 2 3 2 1 2 7 2 4 2 Gunslinging 2 | . . . . . . . 1 . 1 1 . 2 1 1 . . 2 . . . . 1 1 1 . . 1 . 1 1 Exploded 6 | . . . . . . . . 1 . . . 1 . . . . . . . . . . 2 . . 1 6 . 2 1 Melee . | . . . . . . . . . . . . . . . . . . . . . . . . . . . . . . . Uniques/NPCs Destroyed 3 | . . . . . . . . . . . . . . . . . . . . . . . . . . . . . 1 2 MAIN.C Shell (-1/Command) A8 (-1/Access_0) Architect (-1/Access_0) Combat | -11 -10 -10 -10 -9 -8 -8 -8 -7 -7 -7 -7 -5 -5 -5 -5 -4 -4 -4 -4 -4 -3 -3 -3 -3 -2 -2 -2 -1 -1 -1 -------- Run | Scr Mat Min Exi Min Mat Gar Mat Fac Sto Gar Rec Fac Upp Upp War Pro Fac Upp Upp Zhi Pro Res Tes Gar Res Qua Sec Acc Com Ac0 Damage Taken 8426 | . 133 20 . 118 329 319 257 99 234 290 . 318 115 38 307 54 497 203 8 . 9 701 391 747 . 331 1303 69 447 1089 Core 5370 | . 98 19 . 81 229 222 159 70 151 200 . 187 69 24 232 25 294 121 3 . . 487 267 424 . 178 735 35 276 784 Absorbed by Shields 4776 | . . . . . . 3 111 39 109 122 . 106 50 17 117 21 192 76 3 . 4 279 193 591 . 155 1145 56 354 1033 Redirected to Core 4654 | . 58 3 . 71 206 204 141 70 137 189 . 162 58 24 148 25 285 121 3 . . 446 232 363 . 174 663 35 230 606 Redirected to Shielding 8 | . . . . . . . . . . . . . . . . . . . . . 8 . . . . . . . . . Regen/Repaired (Parts) 1044 | . . . . . . . . . . . . . . . . . . . . . . . 30 225 . 112 413 26 113 125 Core Remaining (%) 96 | 100 . . . 86 . . 99 . . . 100 . . . . 99 . . . . 100 . . 100 . . 100 . . 84 Volleys Fired 1026 | 25 30 3 . . 33 38 58 9 46 45 23 52 9 7 1 12 69 8 5 . 9 82 57 69 2 39 134 13 68 80 Largest 5 | 2 2 2 . . 4 4 5 5 5 5 5 5 5 5 1 5 5 5 5 . 5 5 5 3 3 4 4 3 3 4 Hottest 482 | 40 130 130 . . 249 249 381 362 362 282 282 399 342 342 72 342 390 349 362 . 362 388 482 282 282 453 482 282 282 482 Shots Fired 3709 | 50 60 6 . . 104 152 230 45 225 223 85 254 44 35 1 56 296 39 25 . 44 405 159 205 6 125 391 39 180 225 Gun 3640 | 50 60 6 . . 104 152 230 45 225 223 85 254 44 35 1 56 296 39 25 . 44 405 150 205 6 117 374 39 168 202 Cannon 68 | . . . . . . . . . . . . . . . . . . . . . . . 9 . . 8 17 . 11 23 Launcher 1 | . . . . . . . . . . . . . . . . . . . . . . . . . . . . . 1 . Special . | . . . . . . . . . . . . . . . . . . . . . . . . . . . . . . . Kinetic 64 | 50 14 . . . . . . . . . . . . . . . . . . . . . . . . . . . . . Thermal 3645 | . 46 6 . . 104 152 230 45 225 223 85 254 44 35 1 56 296 39 25 . 44 405 159 205 6 125 391 39 180 225 Explosive . | . . . . . . . . . . . . . . . . . . . . . . . . . . . . . . . Electromagnetic . | . . . . . . . . . . . . . . . . . . . . . . . . . . . . . . . Robot Hit Streak 63 | 14 22 23 . . 45 49 27 48 63 27 11 40 47 48 . 37 49 21 13 . 39 44 46 54 22 31 48 17 34 60 Robot Miss Streak 4 | 1 4 1 . . 1 1 2 1 2 3 3 2 . 2 . 1 1 1 1 . . 3 1 1 . 2 2 2 2 2 Penetration Max . | . . . . . . . . . . . . . . . . . . . . . . . . . . . . . . . Secondary Targets 101 | . . 1 . . 2 5 3 . 5 10 . 6 3 3 . . 9 . . . . 17 3 9 . 1 12 . 6 6 Max Gunslinging Chain 2 | . . 1 . . 1 1 1 . 1 2 . 2 1 2 . . 2 . . . . 1 1 1 . 1 1 . 1 1 Capacitor 9 | . . . . . . . . . . . . . . . . . 9 . . . . . . . . . . . . . Shots Hit Robots 2640 | 43 47 3 . . 79 94 148 37 151 120 40 153 37 25 . 45 210 32 13 . 26 317 114 154 6 76 301 28 139 202 Core Hits 1099 | 19 22 5 . 2 25 40 68 20 70 54 22 79 14 12 . 14 77 4 4 . 13 125 47 60 1 30 116 8 71 77 Critical Kills 71 | . . . . . . . . . . . . . . . . . 3 . . . . 8 7 7 1 7 19 2 4 13 Critical Parts Destroyed 130 | . . . . . . . . . . . . . . . . . 5 . 1 . . 18 13 16 . 3 31 12 18 13 Critical Strikes 331 | . . 1 . . 8 6 11 2 8 10 3 11 . 3 . . 18 3 3 . 2 40 21 27 1 10 59 14 30 40 Burn 92 | . . 1 . . 8 6 11 2 8 10 3 11 . 3 . . 8 3 2 . 2 14 . . . . . . . . Meltdown 2 | . . . . . . . . . . . . . . . . . . . . . . . . . . 2 . . . . Destroy 237 | . . . . . . . . . . . . . . . . . 10 . 1 . . 26 21 27 1 8 59 14 30 40 Melee Attacks . | . . . . . . . . . . . . . . . . . . . . . . . . . . . . . . . Impact . | . . . . . . . . . . . . . . . . . . . . . . . . . . . . . . . Slashing . | . . . . . . . . . . . . . . . . . . . . . . . . . . . . . . . Piercing . | . . . . . . . . . . . . . . . . . . . . . . . . . . . . . . . Sneak Attacks . | . . . . . . . . . . . . . . . . . . . . . . . . . . . . . . . Combat Hostiles . | . . . . . . . . . . . . . . . . . . . . . . . . . . . . . . . Follow-up Attacks . | . . . . . . . . . . . . . . . . . . . . . . . . . . . . . . . Damage Inflicted 116036 | 326 585 57 . 20 1367 1602 2914 1008 3777 3046 974 5204 1063 706 . 1210 6182 1105 437 . 855 11869 6939 6028 237 5097 19421 1190 17875 14942 Guns 81678 | 326 571 46 . . 1367 1602 2831 787 3777 3046 964 4563 1063 706 . 1210 6044 1105 437 . 855 11869 4227 6028 237 2766 11702 1190 5524 6835 Cannons 12530 | . . . . . . . . . . . . . . . . . . . . . . . 1334 . . 1523 3427 . 1293 4953 Explosions 21322 | . . . . . . . . 210 . . . 568 . . . . . . . . . . 1298 . . 808 4288 . 10996 3154 Melee . | . . . . . . . . . . . . . . . . . . . . . . . . . . . . . . . Ramming 506 | . 14 11 . 20 . . 83 11 . . 10 73 . . . . 138 . . . . . 80 . . . 4 . 62 . Kinetic 406 | 326 80 . . . . . . . . . . . . . . . . . . . . . . . . . . . . . Thermal 114613 | . 491 46 . . 1367 1602 2831 997 3777 3046 964 4651 1063 706 . 1210 6044 1105 437 . 855 11869 6859 6028 237 5097 19417 1190 17782 14942 Explosive 511 | . . . . . . . . . . . . 480 . . . . . . . . . . . . . . . . 31 . Electromagnetic . | . . . . . . . . . . . . . . . . . . . . . . . . . . . . . . . Impact . | . . . . . . . . . . . . . . . . . . . . . . . . . . . . . . . Slashing . | . . . . . . . . . . . . . . . . . . . . . . . . . . . . . . . Piercing . | . . . . . . . . . . . . . . . . . . . . . . . . . . . . . . . Highest Corruption 11 | . . . . . . . 2 1 1 1 1 4 4 4 4 3 2 2 2 2 2 9 10 11 . 1 3 . . . Average Corruption 4 | . . . . . . . 1 1 1 1 1 4 4 4 4 3 1 2 2 2 2 6 9 10 . 1 1 . . . Corruption Purged . | . . . . . . . . . . . . . . . . . . . . . . . . . . . . . . . Corruption Blocked 45 | . . . . . . . . . . . . . . . . . . . . . . . . . . . . . 45 . Effects 245 | . . . . . . . 4 2 8 5 3 7 10 6 . 6 7 4 3 4 7 49 52 37 . 2 29 . . . Message Errors 67 | . . . . . . . 1 1 3 1 . 2 3 2 . 1 . 2 1 2 3 15 19 6 . . 5 . . . Matter Fused 49 | . . . . . . . 2 . 1 1 . 1 2 2 . 1 3 . 1 1 2 6 9 10 . . 7 . . . Heat Flow Errors 34 | . . . . . . . . 1 1 . 1 1 1 2 . 1 1 1 . . . 8 8 5 . 2 1 . . . Energy Discharges 24 | . . . . . . . . . 1 1 2 1 2 . . . 1 . . 1 . 5 2 4 . . 4 . . . Parts Rejected 4 | . . . . . . . 1 . . 1 . . . . . . . . . . . . . . . . 2 . . . Data Loss (minor) 30 | . . . . . . . . . 1 . . 1 1 . . 1 1 . 1 . 1 5 5 5 . . 8 . . . Data Loss (major) 10 | . . . . . . . . . . . . 1 . . . 1 1 . . . . 3 2 1 . . 1 . . . Misfires 8 | . . . . . . . . . . 1 . . . . . 1 . . . . . 2 2 1 . . 1 . . . Alerts 5 | . . . . . . . . . . . . . . . . . . . . . . 1 2 2 . . . . . . Weapon Failures 14 | . . . . . . . . . 1 . . . 1 . . . . 1 . . 1 4 3 3 . . . . . . Overload Shots 4 | . . . . . . . . . . . . . . . 1 . 3 . . . . . . . . . . . . . Overflow Damage 3988 | . . . . . . . . . . . . 82 . . . . 47 . . . . . 320 . . 327 1700 . 944 568 Projectiles 2153 | . . . . . . . . . . . . . . . . . . . . . . . 235 . . 270 1074 . 171 403 Explosions 1764 | . . . . . . . . . . . . 58 . . . . . . . . . . 85 . . 57 626 . 773 165 Melee 71 | . . . . . . . . . . . . 24 . . . . 47 . . . . . . . . . . . . . Knockbacks 3 | . . . . 2 . . . . . . . . . . . . 1 . . . . . . . . . . . . . Impact 3 | . . . . 2 . . . . . . . . . . . . 1 . . . . . . . . . . . . . Kinetic . | . . . . . . . . . . . . . . . . . . . . . . . . . . . . . . . Secondary . | . . . . . . . . . . . . . . . . . . . . . . . . . . . . . . . Self-Inflicted Damage 117 | . . . . . . 50 . 42 . . . 25 . . . . . . . . . . . . . . . . . . Shots 3 | . . . . . . 1 . 1 . . . 1 . . . . . . . . . . . . . . . . . . Rammed . | . . . . . . . . . . . . . . . . . . . . . . . . . . . . . . . Targets Rammed 40 | . 4 6 . 5 . . 7 1 . . 1 4 . . . . 4 . . . . . 3 . . . 1 . 4 . Kicked 40 | . 4 6 . 5 . . 7 1 . . 1 4 . . . . 4 . . . . . 3 . . . 1 . 4 . Crushed . | . . . . . . . . . . . . . . . . . . . . . . . . . . . . . . . Highest Temperature 386 | . 66 . . . 24 51 179 152 222 168 66 386 220 123 . 182 206 210 169 . 108 220 170 264 . 153 73 . . . Average Temperature 56 | . 17 . . . 10 10 29 52 57 53 32 113 91 71 . 69 85 106 88 . 73 53 22 126 . 89 73 . . . Received Heat Transfer 1908 | . 138 9 . . 189 186 138 26 153 160 . 56 96 39 . 42 84 36 . . 6 88 54 216 . 27 120 . 45 . Effects 4 | . . . . . . . . . . . . 2 . . . . . . . . . 2 . . . . . . . . Interference 4 | . . . . . . . . . . . . 2 . . . . . . . . . 2 . . . . . . . . Siege Activations . | . . . . . . . . . . . . . . . . . . . . . . . . . . . . . . . Robots Corrupted . | . . . . . . . . . . . . . . . . . . . . . . . . . . . . . . . Combat Hostiles . | . . . . . . . . . . . . . . . . . . . . . . . . . . . . . . . Parts Fried 3 | . . . . . . . . . . . . . . . . . 2 . . . . . . . . . . 1 . . Impact Corruptions 5 | . . . . . . . . . . . . 1 . . . . 4 . . . . . . . . . . . . . Robots Melted 42 | . . . . . 2 1 . . 2 4 . 3 . 1 . 2 7 . 1 . . 6 3 2 . 3 4 . 1 . Combat Hostiles 36 | . . . . . 1 1 . . 2 3 . 3 . 1 . 2 5 . 1 . . 4 3 2 . 3 4 . 1 . Parts Melted 307 | . 3 . . . 18 13 18 10 25 16 2 26 2 4 . 13 31 1 2 . 2 59 14 13 . 9 20 2 4 . Heat Transferred 109037 | . 1247 185 . . 3515 3687 6469 1678 6813 4966 1813 7038 1447 1212 . 1769 9078 1636 694 . 1188 14155 5411 5302 222 3630 14009 1073 5241 5559 Parts Sabotaged . | . . . . . . . . . . . . . . . . . . . . . . . . . . . . . . . Parts Stolen . | . . . . . . . . . . . . . . . . . . . . . . . . . . . . . . . Parts Stripped . | . . . . . . . . . . . . . . . . . . . . . . . . . . . . . . . Power Chain Reactions . | . . . . . . . . . . . . . . . . . . . . . . . . . . . . . . . Missiles Intercepted 1 | . . . . . . . . . . . . . . . . . . . . . . . . . . . . . 1 . Alert | -11 -10 -10 -10 -9 -8 -8 -8 -7 -7 -7 -7 -5 -5 -5 -5 -4 -4 -4 -4 -4 -3 -3 -3 -3 -2 -2 -2 -1 -1 -1 ------- Run | Scr Mat Min Exi Min Mat Gar Mat Fac Sto Gar Rec Fac Upp Upp War Pro Fac Upp Upp Zhi Pro Res Tes Gar Res Qua Sec Acc Com Ac0 Peak Influence 2580 | 45 168 68 . . 381 1110 504 135 373 1167 478 1052 . . . . 531 . . . . 606 327 1332 569 456 828 498 2580 . Initial 936 | . 22 13 . . . 10 396 . 3 53 379 936 . . . . 79 . . . . . 128 26 562 239 12 341 243 . Average 370 | 21 65 39 . . 161 723 200 29 139 584 170 828 . . . . 160 . . . . 239 169 910 562 172 423 440 1256 . Maximum Alert Level 5 | . . . . . 1 4 2 . 1 4 2 3 . . . . 2 . . . . 2 1 4 2 2 3 2 5 . Low Security (%) 48 | 100 100 100 . 100 52 8 49 100 84 12 72 . . . . . 68 . . . . 48 63 9 . 60 33 . 63 . Level 1 18 | . . . . . 47 11 37 . 15 24 16 . . . . . 27 . . . . 25 36 2 . 34 16 32 2 . Level 2 13 | . . . . . . 23 13 . . 26 11 14 . . . . 4 . . . . 26 . 16 100 4 15 67 11 . Level 3 14 | . . . . . . 42 . . . 30 . 85 . . . . . . . . . . . 31 . . 34 . 8 . Level 4 3 | . . . . . . 13 . . . 5 . . . . . . . . . . . . . 39 . . . . . . Level 5 . | . . . . . . . . . . . . . . . . . . . . . . . . . . . . . 1 . High Security . | . . . . . . . . . . . . . . . . . . . . . . . . . . . . . 11 . Max Security . | . . . . . . . . . . . . . . . . . . . . . . . . . . . . . . . Squads Dispatched 55 | . . . . . . . 2 3 4 . . 5 . . . . 3 . . . . 8 9 . . 4 11 . 6 . Investigation 12 | . . . . . . . 2 1 1 . . 1 . . . . 1 . . . . 3 2 . . . 1 . . . Extermination 19 | . . . . . . . . 1 1 . . 1 . . . . 2 . . . . 4 2 . . 3 4 . 1 . Reinforcement 14 | . . . . . . . . 1 1 . . 3 . . . . . . . . . 1 4 . . 1 2 . 1 . Assault 9 | . . . . . . . . . . . . . . . . . . . . . . . 1 . . . 4 . 4 . Garrison 1 | . . . . . . . . . 1 . . . . . . . . . . . . . . . . . . . . . Intercept . | . . . . . . . . . . . . . . . . . . . . . . . . . . . . . . . Searches Triggered 1 | . . . . . . . . . . . . 1 . . . . . . . . . . . . . . . . . . Construction Impeded 1 | . . . . . . . . . . . . 1 . . . . . . . . . . . . . . . . . . Haulers Reinforced 4 | . . . . . . . . . . . . 2 . . . . . . . . . 1 . . . . 1 . . . Active Scanning Responses . | . . . . . . . . . . . . . . . . . . . . . . . . . . . . . . . Cargo Convoy Interrupts . | . . . . . . . . . . . . . . . . . . . . . . . . . . . . . . . Stealth | -11 -10 -10 -10 -9 -8 -8 -8 -7 -7 -7 -7 -5 -5 -5 -5 -4 -4 -4 -4 -4 -3 -3 -3 -3 -2 -2 -2 -1 -1 -1 --------- Run | Scr Mat Min Exi Min Mat Gar Mat Fac Sto Gar Rec Fac Upp Upp War Pro Fac Upp Upp Zhi Pro Res Tes Gar Res Qua Sec Acc Com Ac0 Distress Signals 14 | . 2 . . . . . . 1 . . . . . . . . 3 . . . . 1 . . . . 3 1 3 . Communications Jammed 211 | . . . . . . . . . . . 13 11 . . 30 . 24 . 5 . . 27 1 . . . 34 15 51 . Distress Signals 190 | . . . . . . . . . . . . 11 . . 30 . 22 . . . . 27 . . . . 34 15 51 . Times Spotted 602 | . 10 4 . 2 19 20 32 8 29 28 21 37 10 7 14 7 45 1 3 . 4 58 32 34 . 24 73 4 42 34 Peak Tracking Total 11 | . 3 2 . 2 11 3 3 3 7 5 2 4 4 4 10 3 4 1 2 . 2 6 4 4 . 3 10 4 9 6 Tactical Retreats 9 | . . . . . 1 1 . . . . . 1 . . . 1 2 . . . . . 1 . . 1 . . 1 . Traps | -11 -10 -10 -10 -9 -8 -8 -8 -7 -7 -7 -7 -5 -5 -5 -5 -4 -4 -4 -4 -4 -3 -3 -3 -3 -2 -2 -2 -1 -1 -1 ------- Run | Scr Mat Min Exi Min Mat Gar Mat Fac Sto Gar Rec Fac Upp Upp War Pro Fac Upp Upp Zhi Pro Res Tes Gar Res Qua Sec Acc Com Ac0 Traps Triggered 32 | . 2 . . . . 5 2 1 2 4 . 2 . . . . . . . . . 4 2 5 . 2 1 . . . Indirectly . | . . . . . . . . . . . . . . . . . . . . . . . . . . . . . . . Trap Hack Attempts . | . . . . . . . . . . . . . . . . . . . . . . . . . . . . . . . Triggered . | . . . . . . . . . . . . . . . . . . . . . . . . . . . . . . . Disarmed 4 | . . . . . . . . . . . . . . . . . . . . . . . . . . 4 . . . . Reprogrammed . | . . . . . . . . . . . . . . . . . . . . . . . . . . . . . . . Reused . | . . . . . . . . . . . . . . . . . . . . . . . . . . . . . . . Traps Extracted . | . . . . . . . . . . . . . . . . . . . . . . . . . . . . . . . Installed . | . . . . . . . . . . . . . . . . . . . . . . . . . . . . . . . Triggered 19 | . . . . . . . . . . . . . . . 15 3 . . 1 . . . . . . . . . . . Machines | -11 -10 -10 -10 -9 -8 -8 -8 -7 -7 -7 -7 -5 -5 -5 -5 -4 -4 -4 -4 -4 -3 -3 -3 -3 -2 -2 -2 -1 -1 -1 ---------- Run | Scr Mat Min Exi Min Mat Gar Mat Fac Sto Gar Rec Fac Upp Upp War Pro Fac Upp Upp Zhi Pro Res Tes Gar Res Qua Sec Acc Com Ac0 Machines Disabled 91 | . . . . . . 6 3 4 4 5 2 7 1 . 1 . 3 . 1 . . 3 12 6 . 10 15 . 7 1 Max in Single Turn 4 | . . . . . . 2 1 4 1 1 1 2 1 . 1 . 1 . 1 . . 1 2 1 . 2 1 . 2 1 Garrison Access 6 | . . . . . . . 1 . . . . . . . . . 1 . . . . 1 . . . 1 1 1 . . Garrison Relay 12 | . . . . . . 4 . . . 4 . . . . . . . . . . . . . 4 . . . . . . Phase Generator 2 | . . . . . . 1 . . . . . . . . . . . . . . . . . . . . . . 1 . Machines Sabotaged . | . . . . . . . . . . . . . . . . . . . . . . . . . . . . . . . Garrisons Compromised . | . . . . . . . . . . . . . . . . . . . . . . . . . . . . . . . Overloaded Fab Kills . | . . . . . . . . . . . . . . . . . . . . . . . . . . . . . . . Hacking | -11 -10 -10 -10 -9 -8 -8 -8 -7 -7 -7 -7 -5 -5 -5 -5 -4 -4 -4 -4 -4 -3 -3 -3 -3 -2 -2 -2 -1 -1 -1 --------- Run | Scr Mat Min Exi Min Mat Gar Mat Fac Sto Gar Rec Fac Upp Upp War Pro Fac Upp Upp Zhi Pro Res Tes Gar Res Qua Sec Acc Com Ac0 Machines Accessed 96 | . 5 . . 1 3 . 9 3 8 . 3 5 1 . 3 . 6 . 1 4 . 6 8 . . 11 13 4 2 . Terminals 71 | . 5 . . . 2 . 8 2 7 . 3 5 1 . . . 4 . . . . 3 7 . . 8 11 3 2 . Fabricators 2 | . . . . . . . . 1 . . . . . . . . . . . . . 1 . . . . . . . . Repair Stations 1 | . . . . . . . . . . . . . . . . . . . . . . . . . . . 1 . . . Recycling Units . | . . . . . . . . . . . . . . . . . . . . . . . . . . . . . . . Scanalyzers 2 | . . . . . . . . . . . . . . . . . . . . . . . . . . 2 . . . . Garrison Access 11 | . . . . . 1 . 1 . 1 . . . . . . . 2 . . . . 2 1 . . 1 1 1 . . Total Hacks 218 | . 10 . . 1 8 . 19 13 12 . 9 12 8 . 3 . 14 . 1 17 . 15 15 . . 23 27 8 3 . Successful 105 | . 3 . . 1 5 . 7 5 8 . 5 3 8 . 3 . 6 . 1 17 . 3 4 . . 10 11 4 1 . Failed 113 | . 7 . . . 3 . 12 8 4 . 4 9 . . . . 8 . . . . 12 11 . . 13 16 4 2 . Catastrophic 22 | . 2 . . . . . 4 1 1 . 1 2 . . . . 1 . . . . 2 3 . . 1 3 1 . . Database Lockouts . | . . . . . . . . . . . . . . . . . . . . . . . . . . . . . . . Manual 111 | . 10 . . . 5 . 14 9 7 . 9 12 . . . . 7 . . . . 6 6 . . 10 15 . 1 . Terminals 164 | . 10 . . . 7 . 18 10 11 . 9 12 8 . . . 10 . . . . 9 14 . . 17 22 4 3 . Fabricators 6 | . . . . . . . . 3 . . . . . . . . . . . . . 3 . . . . . . . . Repair Stations 2 | . . . . . . . . . . . . . . . . . . . . . . . . . . . 2 . . . Recycling Units . | . . . . . . . . . . . . . . . . . . . . . . . . . . . . . . . Scanalyzers 5 | . . . . . . . . . . . . . . . . . . . . . . . . . . 5 . . . . Garrison Access 19 | . . . . . 1 . 1 . 1 . . . . . . . 4 . . . . 3 1 . . 1 3 4 . . Terminal Hacks 88 | . 3 . . 1 4 . 6 4 6 . 5 3 8 . 3 . 5 . 1 17 . 2 3 . . 6 7 3 1 . Record 16 | . . . . . . . . . . . . . 8 . 1 . . . 1 5 . . . . . 1 . . . . Part Schematic 4 | . . . . . . . . . . . . . . . . . . . . 4 . . . . . . . . . . Robot Analysis 5 | . . . . . . . . . . . . . . . . . . . . 4 . . . . . . 1 . . . Prototype ID Bank 5 | . . . . . 1 . . . . . . . . . . . . . . 4 . . . . . . . . . . Open Door 15 | . . . . 1 . . . . 4 . . . . . 2 . . . . . . . 1 . . 1 3 3 . . Branch Access Points 4 | . . . . . . . 1 1 . . . 1 . . . . 1 . . . . . . . . . . . . . Unreport Threat 31 | . 3 . . . 2 . 5 2 2 . 5 2 . . . . 2 . . . . 2 1 . . 3 2 . . . Locate Traps 2 | . . . . . 1 . . . . . . . . . . . . . . . . . . . . . 1 . . . Disarm Traps 1 | . . . . . . . . . . . . . . . . . . . . . . . . . . 1 . . . . Reprogram Traps 1 | . . . . . . . . . . . . . . . . . 1 . . . . . . . . . . . . . Recall Reinforcements 1 | . . . . . . . . 1 . . . . . . . . . . . . . . . . . . . . . . Zone Layout 1 | . . . . . . . . . . . . . . . . . 1 . . . . . . . . . . . . . Protovariant Controls 1 | . . . . . . . . . . . . . . . . . . . . . . . 1 . . . . . . . Disengage Seal 1 | . . . . . . . . . . . . . . . . . . . . . . . . . . . . . 1 . Fabricator Hacks . | . . . . . . . . . . . . . . . . . . . . . . . . . . . . . . . Repair Station Hacks . | . . . . . . . . . . . . . . . . . . . . . . . . . . . . . . . Recycling Unit Hacks . | . . . . . . . . . . . . . . . . . . . . . . . . . . . . . . . Scanalyzer 2 | . . . . . . . . . . . . . . . . . . . . . . . . . . 2 . . . . Insert Component 2 | . . . . . . . . . . . . . . . . . . . . . . . . . . 2 . . . . Garrison Access Hacks 9 | . . . . . 1 . 1 . 1 . . . . . . . 1 . . . . 1 1 . . 1 1 1 . . Unlock Access 3 | . . . . . 1 . . . 1 . . . . . . . . . . . . . 1 . . . . . . . Seal Access 6 | . . . . . . . 1 . . . . . . . . . 1 . . . . 1 . . . 1 1 1 . . Unauthorized Hacks 6 | . . . . . . . . 1 1 . . . . . . . . . . . . . . . . 1 3 . . . Terminals 4 | . . . . . . . . 1 1 . . . . . . . . . . . . . . . . . 2 . . . Assimilate 2 | . . . . . . . . 1 1 . . . . . . . . . . . . . . . . . . . . . Botnet 2 | . . . . . . . . . . . . . . . . . . . . . . . . . . . 2 . . . Fabricators . | . . . . . . . . . . . . . . . . . . . . . . . . . . . . . . . Repair Stations 1 | . . . . . . . . . . . . . . . . . . . . . . . . . . . 1 . . . Mechanics 1 | . . . . . . . . . . . . . . . . . . . . . . . . . . . 1 . . . Recycling Units . | . . . . . . . . . . . . . . . . . . . . . . . . . . . . . . . Scanalyzers 1 | . . . . . . . . . . . . . . . . . . . . . . . . . . 1 . . . . Researchers 1 | . . . . . . . . . . . . . . . . . . . . . . . . . . 1 . . . . Garrison Access . | . . . . . . . . . . . . . . . . . . . . . . . . . . . . . . . Data Cores Recovered 7 | . . . . . 1 . 1 . . . . . . . . . 1 . . . . 2 . . . . 2 . . . Used 2 | . . . . . . . . . . . . . . . . . . . . . . 1 . . . . 1 . . . Hacking Detections 66 | . 5 . . . 2 . 6 3 6 . 2 4 1 . . . 5 . . . . 5 7 . . 7 10 2 1 . Full Trace Events 13 | . 1 . . . . . 2 1 . . . 1 1 . . . 1 . . . . 3 2 . . . 1 . . . Feedback Events 2 | . . . . . . . . 1 . . . . . . . . 1 . . . . . . . . . . . . . Corruption 1 | . . . . . . . . 1 . . . . . . . . . . . . . . . . . . . . . . Hackware Fried 1 | . . . . . . . . . . . . . . . . . 1 . . . . . . . . . . . . . Feedback Blocked . | . . . . . . . . . . . . . . . . . . . . . . . . . . . . . . . Robot Schematics Acquired 3 | . . . . . . . . . . . . . . . . . . . . . . . 3 . . . . . . . Robots Built . | . . . . . . . . . . . . . . . . . . . . . . . . . . . . . . . Authchips . | . . . . . . . . . . . . . . . . . . . . . . . . . . . . . . . Time . | . . . . . . . . . . . . . . . . . . . . . . . . . . . . . . . Total Robot Build Rating . | . . . . . . . . . . . . . . . . . . . . . . . . . . . . . . . Part Schematics Acquired 15 | . . . . . . . . . . . . . . . . . . . . 4 . . 11 . . . . . . . Parts Built . | . . . . . . . . . . . . . . . . . . . . . . . . . . . . . . . Authchips . | . . . . . . . . . . . . . . . . . . . . . . . . . . . . . . . Time . | . . . . . . . . . . . . . . . . . . . . . . . . . . . . . . . Total Part Build Rating . | . . . . . . . . . . . . . . . . . . . . . . . . . . . . . . . Parts Repaired . | . . . . . . . . . . . . . . . . . . . . . . . . . . . . . . . Time . | . . . . . . . . . . . . . . . . . . . . . . . . . . . . . . . Parts Recycled . | . . . . . . . . . . . . . . . . . . . . . . . . . . . . . . . Recycled Matter . | . . . . . . . . . . . . . . . . . . . . . . . . . . . . . . . Retrieved Matter . | . . . . . . . . . . . . . . . . . . . . . . . . . . . . . . . Retrieved Components . | . . . . . . . . . . . . . . . . . . . . . . . . . . . . . . . Parts Scanalyzed . | . . . . . . . . . . . . . . . . . . . . . . . . . . . . . . . Part Schematics Acquired . | . . . . . . . . . . . . . . . . . . . . . . . . . . . . . . . Parts Damaged . | . . . . . . . . . . . . . . . . . . . . . . . . . . . . . . . Bothacking | -11 -10 -10 -10 -9 -8 -8 -8 -7 -7 -7 -7 -5 -5 -5 -5 -4 -4 -4 -4 -4 -3 -3 -3 -3 -2 -2 -2 -1 -1 -1 ------------ Run | Scr Mat Min Exi Min Mat Gar Mat Fac Sto Gar Rec Fac Upp Upp War Pro Fac Upp Upp Zhi Pro Res Tes Gar Res Qua Sec Acc Com Ac0 Used RIF Installer . | . . . . . . . . . . . . . . . . . . . . . . . . . . . . . . . Robots Hacked . | . . . . . . . . . . . . . . . . . . . . . . . . . . . . . . . Non-combat . | . . . . . . . . . . . . . . . . . . . . . . . . . . . . . . . Combat . | . . . . . . . . . . . . . . . . . . . . . . . . . . . . . . . Robot Hacks Applied . | . . . . . . . . . . . . . . . . . . . . . . . . . . . . . . . Relay Couplers Released 15 | . . . . . . 5 . . . 5 . . . . . . . . . . . . . 5 . . . . . . Machine Destruction 15 | . . . . . . 5 . . . 5 . . . . . . . . . . . . . 5 . . . . . . Fabnet Peak Effective % . | . . . . . . . . . . . . . . . . . . . . . . . . . . . . . . . Robots Rewired 4 | . . . . . . . . . . . 4 . . . . . . . . . . . . . . . . . . . Allies Hacked 1 | . . . . . . . . . . . . 1 . . . . . . . . . . . . . . . . . . Hacks Repelled . | . . . . . . . . . . . . . . . . . . . . . . . . . . . . . . . Allies | -11 -10 -10 -10 -9 -8 -8 -8 -7 -7 -7 -7 -5 -5 -5 -5 -4 -4 -4 -4 -4 -3 -3 -3 -3 -2 -2 -2 -1 -1 -1 -------- Run | Scr Mat Min Exi Min Mat Gar Mat Fac Sto Gar Rec Fac Upp Upp War Pro Fac Upp Upp Zhi Pro Res Tes Gar Res Qua Sec Acc Com Ac0 Total Allies 19 | . . . . 4 . . . 1 1 . 4 3 . . . . . . . . . . . . . . . 3 3 . Largest Group 4 | . . . . 4 . . . 1 1 . 4 4 4 4 3 . . . . . . . . . . . . 3 3 . Highest-Rated Group 374 | . . . . 71 . . . 10 10 . 124 133 133 133 102 . . . . . . . . . . . . 374 363 . Highest-Rated Ally 131 | . . . . 31 . . . 10 10 . 40 40 40 40 40 . . . . . . . . . . . . 131 131 . Total Orders 3 | . . . . . 1 . . . . . 2 . . . . . . . . . . . . . . . . . . . FOLLOW 1 | . . . . . 1 . . . . . . . . . . . . . . . . . . . . . . . . . AID 2 | . . . . . . . . . . . 2 . . . . . . . . . . . . . . . . . . . Ally Attacks 62 | . . . . 4 9 . . . . . 7 . 16 11 3 . . . . . . . . . . . . 10 2 . Total Damage 1460 | . . . . 30 17 . . . . . 538 . 243 171 43 . . . . . . . . . . . . 394 24 . Kills 15 | . . . . . . . . . . . 7 . 4 1 1 . . . . . . . . . . . . 2 . . Allies Corrupted . | . . . . . . . . . . . . . . . . . . . . . . . . . . . . . . . Allies Melted 1 | . . . . . . . . . . . . . . . 1 . . . . . . . . . . . . . . . Intel | -11 -10 -10 -10 -9 -8 -8 -8 -7 -7 -7 -7 -5 -5 -5 -5 -4 -4 -4 -4 -4 -3 -3 -3 -3 -2 -2 -2 -1 -1 -1 ------- Run | Scr Mat Min Exi Min Mat Gar Mat Fac Sto Gar Rec Fac Upp Upp War Pro Fac Upp Upp Zhi Pro Res Tes Gar Res Qua Sec Acc Com Ac0 Robot Analysis Total 5 | . . . . . . . . . . . . . . . . . . . . 4 . . . . . . 1 . . . Derelict Logs Recovered 4 | . . . . . . . . . . . . . 1 . . 1 . 1 1 . . . . . . . . . . . Drone Launches 3 | . . . . . 3 . . . . . . . . . . . . . . . . . . . . . . . . . Drone Recoveries 3 | . . . . . 3 . . . . . . . . . . . . . . . . . . . . . . . . . Exploration | -11 -10 -10 -10 -9 -8 -8 -8 -7 -7 -7 -7 -5 -5 -5 -5 -4 -4 -4 -4 -4 -3 -3 -3 -3 -2 -2 -2 -1 -1 -1 ------------- Run | Scr Mat Min Exi Min Mat Gar Mat Fac Sto Gar Rec Fac Upp Upp War Pro Fac Upp Upp Zhi Pro Res Tes Gar Res Qua Sec Acc Com Ac0 Turns Passed 24642 | 306 503 276 152 328 467 1702 1769 564 848 836 612 1124 364 222 665 369 1754 274 288 205 424 2022 1332 978 239 1394 2112 248 1773 492 Spaces Moved 16984 | 194 306 209 127 266 250 1236 1215 428 564 556 451 739 260 167 587 290 1342 214 225 163 327 1418 897 627 200 962 1273 162 1178 151 Core 9 | 2 . . . . . . . . . . . . . . . . . . . . . . . . . . . . . 7 Treads . | . . . . . . . . . . . . . . . . . . . . . . . . . . . . . . . Legs 16975 | 192 306 209 127 266 250 1236 1215 428 564 556 451 739 260 167 587 290 1342 214 225 163 327 1418 897 627 200 962 1273 162 1178 144 Wheels . | . . . . . . . . . . . . . . . . . . . . . . . . . . . . . . . Hover . | . . . . . . . . . . . . . . . . . . . . . . . . . . . . . . . Flight . | . . . . . . . . . . . . . . . . . . . . . . . . . . . . . . . Fastest Speed 50 | 50 120 120 120 120 120 122 122 115 115 115 115 115 116 116 108 108 106 112 112 112 112 106 102 112 112 112 116 120 108 50 Average Speed 115 | 119 120 120 120 120 121 122 122 115 115 115 115 120 116 116 109 108 110 112 112 112 112 106 106 112 112 122 119 120 121 116 Slowest Speed 190 | 120 190 120 120 120 123 123 122 122 115 115 115 190 116 116 116 108 114 112 112 112 112 112 112 185 112 186 190 120 190 120 Overloaded Moves . | . . . . . . . . . . . . . . . . . . . . . . . . . . . . . . . Propulsion Burnouts . | . . . . . . . . . . . . . . . . . . . . . . . . . . . . . . . Robots Hopped 1 | . . . . . . . . . . . . . . . . . . . . . . . . . . 1 . . . . Cave-ins Triggered . | . . . . . . . . . . . . . . . . . . . . . . . . . . . . . . . Teleports 2 | . . . . . . . . . . . . . . . . . . . . . . . . . . . . . 1 1 Exploration Rate (%) 53 | 8 43 56 52 48 29 98 88 14 89 81 90 26 49 34 86 52 43 54 53 62 64 46 82 75 12 89 72 8 48 12 Regions Visited 30 Branch Regions 18 Pre-discovered Areas 4 | . . . . . . . . . . . . . . . . . . . 1 3 . . . . . . . . . . Known Exits Taken 27 | 1 1 1 1 1 1 . 1 1 1 . 1 1 1 1 1 1 1 1 1 1 1 1 1 . 1 1 1 1 1 . Unknown Exits Taken . | . . . . . . . . . . . . . . . . . . . . . . . . . . . . . . . Scrap Searched 13 | . . 1 . . . . . . . . . . 3 1 . 1 . 2 3 . 2 . . . . . . . . . Spaces Dug 31 | . . . . . . . . . 2 . . 9 . . . . 2 . . . 5 . . 3 . . 10 . . . Terrain Destroyed 1896 | . . . . . . 78 . 22 15 . 9 87 2 5 . 1 17 1 3 . 13 43 99 21 . 75 172 4 1004 225 Melee . | . . . . . . . . . . . . . . . . . . . . . . . . . . . . . . . Projectile 295 | . . . . . . . . . 15 . 9 30 2 5 . 1 17 1 3 . 13 43 27 21 . 21 50 4 17 16 AOE 1601 | . . . . . . 78 . 22 . . . 57 . . . . . . . . . . 72 . . 54 122 . 987 209 Terrain Rammed . | . . . . . . . . . . . . . . . . . . . . . . . . . . . . . . . Walls Destroyed . | . . . . . . . . . . . . . . . . . . . . . . . . . . . . . . . Machines Disabled . | . . . . . . . . . . . . . . . . . . . . . . . . . . . . . . . Actions | -11 -10 -10 -10 -9 -8 -8 -8 -7 -7 -7 -7 -5 -5 -5 -5 -4 -4 -4 -4 -4 -3 -3 -3 -3 -2 -2 -2 -1 -1 -1 --------- Run | Scr Mat Min Exi Min Mat Gar Mat Fac Sto Gar Rec Fac Upp Upp War Pro Fac Upp Upp Zhi Pro Res Tes Gar Res Qua Sec Acc Com Ac0 Total 19831 | 225 384 226 126 274 341 1336 1357 467 663 657 500 886 308 185 608 329 1512 235 252 186 372 1768 1168 751 211 1085 1564 188 1380 287 Wait 539 | . 12 1 . . 20 15 3 7 4 2 11 10 24 2 3 . 26 1 13 1 31 152 116 1 . 9 30 4 41 . Move 16944 | 193 305 208 126 266 249 1230 1214 427 563 555 451 738 259 166 586 289 1341 213 224 162 326 1417 896 622 199 959 1272 161 1177 150 Hop 1 | . . . . . . . . . . . . . . . . . . . . . . . . . . 1 . . . . Pick Up 86 | . . 1 . 1 . 3 4 2 6 3 . 2 2 3 2 3 2 1 1 2 3 6 2 4 1 9 7 1 10 5 Fast Attach 224 | 7 10 3 . 1 5 5 17 4 11 3 . 22 1 . 6 1 16 . 1 10 . 22 15 3 2 18 27 1 13 . Attach 21 | . 1 . . . . 1 . . . . 1 . 1 . . 1 . . . . . 4 2 . 3 1 2 1 3 . Detach 52 | . 7 1 . 1 3 4 4 . 1 . . 2 1 . . 1 1 . . 1 . 8 7 . 2 . 2 2 4 . Swap 43 | . . . . . 3 1 6 . . . . 3 . . . . 3 . . . . 4 4 1 . 2 1 . 9 6 Drop 275 | . 5 1 . 1 8 4 21 5 16 4 . 23 3 2 10 4 20 1 2 10 2 25 22 6 2 25 27 2 20 4 Fire 1026 | 25 30 3 . . 33 38 58 9 46 45 23 52 9 7 1 12 69 8 5 . 9 82 57 69 2 39 134 13 68 80 Melee . | . . . . . . . . . . . . . . . . . . . . . . . . . . . . . . . Ram . | . . . . . . . . . . . . . . . . . . . . . . . . . . . . . . . Kick 38 | . 4 6 . 4 . . 7 1 . . . 4 . . . . 4 . . . . . 3 . . . 1 . 4 . Crush . | . . . . . . . . . . . . . . . . . . . . . . . . . . . . . . . Escape Stasis 51 | . . . . . . 11 . . . 20 . . . . . . . . . . . . . 15 . 5 . . . . Rewire 25 | . . . . . . . . . . . 14 . . . . . . . . . . . . . . . . . 11 . Trap . | . . . . . . . . . . . . . . . . . . . . . . . . . . . . . . . Miscellaneous 506 | . 10 2 . . 20 24 23 12 16 25 . 30 8 5 . 18 30 11 6 . 1 48 44 30 . 17 61 3 20 42 Route ------- -11/Scrapyard -10/Materials (discovered 2 exits: *Mat / *Min) -10/Mines (discovered 2 exits: *Mat / *Exi) -10/Exiles (discovered 2 exits: *Min x2) -9/Mines (discovered 2 exits: *Mat x2) -8/Materials (discovered 2 exits: *Fac / Gar) -8/Garrison (discovered 3 exits: *Mat x3) -8/Materials (discovered 3 exits: *Fac x3) -7/Factory (discovered 5 exits: *Fac / *Sto x2 / Low x2) -7/Storage (discovered 3 exits: *Fac / Rec / Gar) -7/Garrison (discovered 3 exits: *Rec x3) -7/Recycling -5/Factory (discovered 3 exits: Fac / *Upp x2) -5/Upper Caves -5/Upper Caves -5/Warlord -4/Proximity Caves -4/Factory (discovered 5 exits: *Res x2 / *Upp x2 / Arm) -4/Upper Caves -4/Upper Caves -4/Zhirov -3/Proximity Caves -3/Research (discovered 3 exits: *Res x2 / *Tes) -3/Testing (discovered 2 exits: *Res / Gar) -3/Garrison (discovered 3 exits: *Res x3) -2/Research -2/Quarantine (discovered 2 exits: *Acc / *Sec) -2/Section 7 -1/Access (discovered 2 exits: Sur / *Com) -1/Command (discovered 3 exits: *Sur x2 / *Ac0) -1/Access_0 Near Former Tau Ceti IV History --------- Turn | Location | Event 1 | -11/Scrapyard | Upgraded with Propulsion slot (x1) 1 | -11/Scrapyard | Upgraded with Utility slot (x2) 1 | -11/Scrapyard | Upgraded with Weapon slot (x1) 6 | -11/Scrapyard | Identified exit to Materials 6 | -11/Scrapyard | Discovered exit to Materials (range 16) 307 | -11/Scrapyard | Entered Materials 308 | -10/Materials | Build established: Hacker-Skirmisher 485 | -10/Materials | Identified exit to Materials 485 | -10/Materials | Discovered exit to Materials (range 11) 782 | -10/Materials | Identified exit to Mines 782 | -10/Materials | Discovered exit to Mines (range 17) 810 | -10/Materials | Entered Mines 917 | -10/Mines | Received a Rocket Launcher from a helpful Derelict 951 | -10/Mines | Reached level 2 981 | -10/Mines | Upgraded with Power slot (x1) 981 | -10/Mines | Upgraded with Propulsion slot (x1) 1023 | -10/Mines | Discovered exit to Materials (range 14) 1059 | -10/Mines | Identified exit to Exiles 1059 | -10/Mines | Discovered exit to Exiles (range 12) 1080 | -10/Mines | Deemed a non-threat by the Exiles lab entrance 1086 | -10/Mines | Entered Exiles 1102 | -10/Exiles | Identified exit to Mines 1102 | -10/Exiles | Discovered exit to Mines (range 16) 1119 | -10/Exiles | Met 8R-AWN 1136 | -10/Exiles | Met EX-HEX 1181 | -10/Exiles | Met EX-DEC 1227 | -10/Exiles | Discovered exit to Mines (range 10) 1238 | -10/Exiles | Entered Mines 1241 | -9/Mines | Received a Mining Laser from a helpful Derelict 1295 | -9/Mines | Assisted by bots powering up and referring to "LRC-V3" 1306 | -9/Mines | Build established: Scavenger-Skirmisher 1343 | -9/Mines | Identified exit to Materials 1343 | -9/Mines | Discovered exit to Materials (range 12) 1402 | -9/Mines | Found the Drone Emporium 1407 | -9/Mines | Found Prototype Device 1407 | -9/Mines | Identified Thief Drone Bay 1559 | -9/Mines | Discovered exit to Materials (range 7) 1560 | -9/Mines | Assembled infested the area 1566 | -9/Mines | Entered Materials 1568 | -8/Materials | Reached level 3 1568 | -8/Materials | Reached level 4 1568 | -8/Materials | Reached level 5 1568 | -8/Materials | Reached level 6 1568 | -8/Materials | Upgraded with Weapon slot (x1) 1725 | -8/Materials | Reached level 7 1773 | -8/Materials | Upgraded with Weapon slot (x1) 1790 | -8/Materials | Destroyed 11 combat bots 1942 | -8/Materials | Identified exit to Factory 1942 | -8/Materials | Discovered exit to Factory (range 15) 1961 | -8/Materials | Build established: Hacker-Skirmisher 2032 | -8/Materials | Identified exit to Garrison 2033 | -8/Materials | Entered Garrison 2035 | -8/Garrison | Reached level 8 2035 | -8/Garrison | Upgraded with Propulsion slot (x1) 2068 | -8/Garrison | Triggered checkpoint 2098 | -8/Garrison | Garrison Relay disabled 2168 | -8/Garrison | Triggered checkpoint 2269 | -8/Garrison | Identified exit to Materials 2269 | -8/Garrison | Discovered exit to Materials (range 14) 2330 | -8/Garrison | Triggered checkpoint 2335 | -8/Garrison | Reached level 9 2385 | -8/Garrison | Garrison Relay disabled 2446 | -8/Garrison | Triggered checkpoint 2476 | -8/Garrison | Triggered checkpoint 2492 | -8/Garrison | Build established: Scavenger-Skirmisher 2532 | -8/Garrison | Discovered exit to Materials (range 9) 2568 | -8/Garrison | Triggered checkpoint 2598 | -8/Garrison | Garrison Relay disabled 2696 | -8/Garrison | Triggered checkpoint 2759 | -8/Garrison | Discovered exit to Materials (range 11) 2780 | -8/Garrison | Triggered checkpoint 2784 | -8/Garrison | Reached level 10 2797 | -8/Garrison | Garrison Relay disabled 2918 | -8/Garrison | Phase Generator disabled 3026 | -8/Garrison | Triggered checkpoint 3318 | -8/Garrison | Upgraded with Utility slot (x2) 3468 | -8/Garrison | Attempted to access garrison exit controls, blocked by remote lockdown 3578 | -8/Garrison | Attempted to access garrison exit controls, blocked by remote lockdown 3735 | -8/Garrison | Entered Materials 3979 | -8/Materials | Discovered exit to Factory (range 16) 4212 | -8/Materials | Reached level 11 4283 | -8/Materials | Upgraded with Utility slot (x1) 4560 | -8/Materials | Discovered exit to Factory (range 16) 4677 | -8/Materials | Reached level 12 4692 | -8/Materials | Upgraded with Weapon slot (x1) 5147 | -8/Materials | Build established: Hacker-Skirmisher 5322 | -8/Materials | Discovered exit to Factory (range 18) 5504 | -8/Materials | Entered Factory 5506 | -7/Factory | Reached level 13 5507 | -7/Factory | Upgraded with Power slot (x1) 5950 | -7/Factory | Identified exit to Storage 5950 | -7/Factory | Identified exit to Lower Caves 5983 | -7/Factory | Identified exit to Factory 5983 | -7/Factory | Discovered exit to Factory (range 18) 6068 | -7/Factory | Entered Storage 6068 | -7/Storage | Accompanied by 1 ally 6070 | -7/Storage | Reached level 14 6453 | -7/Storage | Identified exit to Recycling 6453 | -7/Storage | Discovered exit to Recycling (range 12) 6464 | -7/Storage | Reached level 15 6800 | -7/Storage | Destroyed 7 combat bots 6870 | -7/Storage | Discovered exit to Factory (range 17) 6875 | -7/Storage | Garrison activated, responded to threat 6898 | -7/Storage | Found Prototype Processor 6898 | -7/Storage | Identified Exp. Targeting Computer 6915 | -7/Storage | Identified exit to Garrison 6916 | -7/Storage | Entered Garrison 6932 | -7/Garrison | Triggered checkpoint 7024 | -7/Garrison | Garrison Relay disabled 7024 | -7/Garrison | Reached level 16 7030 | -7/Garrison | Triggered checkpoint 7076 | -7/Garrison | Upgraded with Utility slot (x1) 7182 | -7/Garrison | Triggered checkpoint 7236 | -7/Garrison | Discovered exit to Recycling (range 19) 7318 | -7/Garrison | Triggered checkpoint 7333 | -7/Garrison | Garrison Relay disabled 7395 | -7/Garrison | Build established: Hacker-Gunner 7404 | -7/Garrison | Triggered checkpoint 7404 | -7/Garrison | Triggered checkpoint 7500 | -7/Garrison | Triggered checkpoint 7532 | -7/Garrison | Garrison Relay disabled 7566 | -7/Garrison | Discovered exit to Recycling (range 10) 7626 | -7/Garrison | Triggered checkpoint 7669 | -7/Garrison | Discovered exit to Recycling (range 9) 7698 | -7/Garrison | Triggered checkpoint 7708 | -7/Garrison | Garrison Relay disabled 7752 | -7/Garrison | Entered Recycling 7754 | -7/Recycling | Reached level 17 7762 | -7/Recycling | Upgraded with Utility slot (x1) 7910 | -7/Recycling | Spotter reported a threat 8083 | -7/Recycling | Spotter reported a threat 8132 | -7/Recycling | Spotter reported a threat 8183 | -7/Recycling | Spotter reported a threat 8185 | -7/Recycling | Spotter reported a threat 8258 | -7/Recycling | Build established: Hacker-Skirmisher 8273 | -7/Recycling | Spotter reported a threat 8323 | -7/Recycling | Spotter reported a threat 8326 | -7/Recycling | Spotter reported a threat 8330 | -7/Recycling | Identified exit to Factory 8330 | -7/Recycling | Discovered exit to Factory (range 15) 8359 | -7/Recycling | Spotter reported a threat 8364 | -7/Recycling | Entered Factory 8364 | -5/Factory | Accompanied by 3 allies 8366 | -5/Factory | Reached level 18 8664 | -5/Factory | Search patrols dispatched 8676 | -5/Factory | Reached level 19 8679 | -5/Factory | Upgraded with Propulsion slot (x1) 8930 | -5/Factory | Spotted B-75 Beast 8957 | -5/Factory | Destroyed B-75 Beast 9054 | -5/Factory | Identified exit to Factory 9054 | -5/Factory | Discovered exit to Factory (range 18) 9167 | -5/Factory | Reached level 20 9246 | -5/Factory | Identified exit to Upper Caves 9278 | -5/Factory | Build established: Scavenger-Skirmisher 9456 | -5/Factory | Allied Derelicts emerged from ambush trap array 9488 | -5/Factory | Entered Upper Caves 9488 | -5/Upper Caves | Accompanied by 4 allies 9490 | -5/Upper Caves | Reached level 21 9492 | -5/Upper Caves | Upgraded with Utility slot (x1) 9565 | -5/Upper Caves | Attracted the attention of an 0b10 base 9572 | -5/Upper Caves | Learned Armory emergency access door positions 9792 | -5/Upper Caves | Attracted the attention of an 0b10 checkpoint 9807 | -5/Upper Caves | Learned Factory trap positions 9827 | -5/Upper Caves | Identified exit to Upper Caves 9827 | -5/Upper Caves | Discovered exit to Upper Caves (range 9) 9852 | -5/Upper Caves | Entered another Upper Caves area 9852 | -5/Upper Caves | Accompanied by 4 allies 10053 | -5/Upper Caves | Identified exit to Warlord 10053 | -5/Upper Caves | Discovered exit to Warlord (range 8) 10074 | -5/Upper Caves | Entered Warlord 10074 | -5/Warlord | Accompanied by 3 allies 10076 | -5/Warlord | Reached level 22 10113 | -5/Warlord | System corruption cleaned by Quarantine Array 10202 | -5/Warlord | Met Warlord 10226 | -5/Warlord | Found Prototype Reactor 10226 | -5/Warlord | Identified Vortex Chain Reactor 10227 | -5/Warlord | Warlord's base attacked by MAIN.C 10240 | -5/Warlord | Found Prototype Hackware 10240 | -5/Warlord | Identified Ghost Barrier 10319 | -5/Warlord | Found Prototype Device 10319 | -5/Warlord | Identified Minesniffer Drone Bay 10451 | -5/Warlord | Found Prototype Launcher 10529 | -5/Warlord | Build established: Hacker-Skirmisher 10577 | -5/Warlord | Warlord forces counterattacked 10695 | -5/Warlord | Opened side exit 10718 | -5/Warlord | Identified exit to Proximity Caves 10718 | -5/Warlord | Discovered exit to Proximity Caves (range 11) 10727 | -5/Warlord | Spotted Striker 10727 | -5/Warlord | Spotted Executioner 10729 | -5/Warlord | Found Corrupted Prototype Device 10731 | -5/Warlord | P-70 Sage assimilated allied 8W-ZUK(g) 10736 | -5/Warlord | P-80 Master assimilated allied ZJ-X66(b) 10739 | -5/Warlord | Entered Proximity Caves 10776 | -4/Proximity Caves | Reached level 23 10789 | -4/Proximity Caves | Identified Adv. Kinecellerator 10920 | -4/Proximity Caves | Learned Research emergency access door positions 11088 | -4/Proximity Caves | Discovered exit to Factory (range 7) 11108 | -4/Proximity Caves | Entered Factory 11109 | -4/Factory | Loaded intel: 78 trap records 11214 | -4/Factory | Reached level 24 11291 | -4/Factory | Identified exit to Research 11291 | -4/Factory | Discovered exit to Research (range 19) 11858 | -4/Factory | Discovered exit to Research (range 20) 12029 | -4/Factory | Identified exit to Upper Caves 12029 | -4/Factory | Identified exit to Armory 12029 | -4/Factory | Ghost Barrier fried by hacking feedback 12188 | -4/Factory | Spotted B-86 Titan 12190 | -4/Factory | Upgraded with Utility slot (x1) 12192 | -4/Factory | Found Quantum Capacitor 12206 | -4/Factory | Destroyed B-86 Titan 12486 | -4/Factory | Build established: Generator-Tank 12536 | -4/Factory | Reached level 25 12862 | -4/Factory | Entered Upper Caves 13017 | -4/Upper Caves | Encountered a Warlord checkpoint 13018 | -4/Upper Caves | Learned Research non-interactive machine intel 13050 | -4/Upper Caves | Spotted B-86 Titan 13079 | -4/Upper Caves | Destroyed B-86 Titan 13099 | -4/Upper Caves | Identified exit to Upper Caves 13099 | -4/Upper Caves | Discovered exit to Upper Caves (range 18) 13136 | -4/Upper Caves | Entered another Upper Caves area 13219 | -4/Upper Caves | Learned location of Armory (-4) 13404 | -4/Upper Caves | Identified exit to Zhirov 13404 | -4/Upper Caves | Discovered exit to Zhirov (range 17) 13424 | -4/Upper Caves | Entered Zhirov 13424 | -4/Zhirov | Identified exit to Proximity Caves 13424 | -4/Zhirov | Discovered exit to Proximity Caves (range 3) 13452 | -4/Zhirov | Met Zhirov 13477 | -4/Zhirov | Learned location of Quarantine (-2) 13477 | -4/Zhirov | Learned location of Testing (-3) 13477 | -4/Zhirov | Learned location of Command (-1) 13492 | -4/Zhirov | Zhirov requested help retrieving the SGEMP Prototype 13510 | -4/Zhirov | Found Alien Artifact 13510 | -4/Zhirov | Identified Integrated Dissipator 13510 | -4/Zhirov | Installed Integrated Dissipator, increased core heat dissipation (+20) 13527 | -4/Zhirov | Found Alien Artifact 13629 | -4/Zhirov | Entered Proximity Caves 13631 | -3/Proximity Caves | Reached level 26 13956 | -3/Proximity Caves | Attracted the attention of an 0b10 checkpoint 14006 | -3/Proximity Caves | Discovered exit to Research (range 18) 14053 | -3/Proximity Caves | Entered Research 14055 | -3/Research | Loaded intel: 64 non-interactive machine locations 14055 | -3/Research | Reached level 27 14057 | -3/Research | Upgraded with Power slot (x1) 14194 | -3/Research | Found Prototype Device 14194 | -3/Research | Identified Adv. EM Disruption Field 14371 | -3/Research | Spotted B-86 Titan 14375 | -3/Research | Destroyed B-86 Titan 14496 | -3/Research | Build established: Generator-Gunner 14642 | -3/Research | Found Prototype Processor 14642 | -3/Research | Identified Exp. Melee Analysis Suite 14727 | -3/Research | Reached level 28 14992 | -3/Research | Identified exit to Research 14992 | -3/Research | Discovered exit to Research (range 15) 15273 | -3/Research | Destroyed 9 combat bots 15829 | -3/Research | Reached level 29 15858 | -3/Research | Discovered exit to Research (range 17) 16031 | -3/Research | Identified exit to Testing 16031 | -3/Research | Discovered exit to Testing (range 17) 16075 | -3/Research | Entered Testing 16233 | -3/Testing | Found Prototype Energy Cannon 16233 | -3/Testing | Identified Imp. Potential Cannon 16250 | -3/Testing | Spotted Striker 16296 | -3/Testing | Spotted Striker 16298 | -3/Testing | Destroyed Striker 16298 | -3/Testing | Spotted Alpha 7 16300 | -3/Testing | Destroyed Striker 16348 | -3/Testing | Destroyed Alpha 7 16403 | -3/Testing | Stole the SGEMP Prototype 16550 | -3/Testing | Protovariant out of control (PL-JXSJEU04UL) 16550 | -3/Testing | Unleashed a protovariant (PL-JXSJEU04UL) 16573 | -3/Testing | Found Exp. Focal Shield 16596 | -3/Testing | Discovered exit to Research (range 12) 16713 | -3/Testing | System corruption reached 10% 16862 | -3/Testing | Scanned by Researcher 16884 | -3/Testing | Found Prototype Protection 16884 | -3/Testing | Identified SHELL Armor 16977 | -3/Testing | Reached level 30 17001 | -3/Testing | Found Prototype Device 17001 | -3/Testing | Identified AEGIS Remote Shield 17170 | -3/Testing | Spotted PX-I1ZODV4RX0 17171 | -3/Testing | Destroyed PX-I1ZODV4RX0 17224 | -3/Testing | Build established: Generator-Skirmisher 17406 | -3/Testing | Identified exit to Garrison 17407 | -3/Testing | Entered Garrison 17450 | -3/Garrison | Garrison Relay disabled 17469 | -3/Garrison | Triggered checkpoint 17506 | -3/Garrison | Triggered checkpoint 17532 | -3/Garrison | Triggered checkpoint 17597 | -3/Garrison | Destroyed 14 combat bots 17632 | -3/Garrison | Discovered exit to Research (range 9) 17660 | -3/Garrison | Triggered checkpoint 17692 | -3/Garrison | Garrison Relay disabled 17752 | -3/Garrison | Triggered checkpoint 17816 | -3/Garrison | Triggered checkpoint 17849 | -3/Garrison | Garrison Relay disabled 17876 | -3/Garrison | Discovered exit to Research (range 10) 17946 | -3/Garrison | Triggered checkpoint 18028 | -3/Garrison | Triggered checkpoint 18074 | -3/Garrison | Garrison Relay disabled 18147 | -3/Garrison | Discovered exit to Research (range 12) 18173 | -3/Garrison | Attempted to access garrison exit controls, blocked by remote lockdown 18276 | -3/Garrison | Attempted to access garrison exit controls, blocked by remote lockdown 18385 | -3/Garrison | Entered Research 18385 | -2/Research | Warlord forces began assault on 0b10 18387 | -2/Research | Reached level 31 18400 | -2/Research | Upgraded with Utility slot (x1) 18462 | -2/Research | Met up with Warlord 18486 | -2/Research | Borebot progress halted 18495 | -2/Research | Research machine network offline 18577 | -2/Research | Identified exit to Quarantine 18577 | -2/Research | Discovered exit to Quarantine (range 24) 18624 | -2/Research | Entered Quarantine 18778 | -2/Quarantine | Cryocooling Duct disabled 18793 | -2/Quarantine | Ambient heat levels rising (+20) 18793 | -2/Quarantine | Non-combat units ordered to evacuate 18808 | -2/Quarantine | Found Alien Energy Cannon 18808 | -2/Quarantine | Identified Core Cannon 18857 | -2/Quarantine | Identified exit to Access 18857 | -2/Quarantine | Discovered exit to Access (range 14) 18925 | -2/Quarantine | Found Alien Reactor 18925 | -2/Quarantine | Identified Matter Drive 18993 | -2/Quarantine | Reached level 32 19100 | -2/Quarantine | Build established: Generator-Tank 19379 | -2/Quarantine | Found Alien Artifact 19406 | -2/Quarantine | Identified Transdimensional Reconstructor 19406 | -2/Quarantine | Identified Core Reset Matrix 19466 | -2/Quarantine | Spotted Alpha 7 19487 | -2/Quarantine | Destroyed Alpha 7 19506 | -2/Quarantine | Found Alien Launcher 19535 | -2/Quarantine | Found Alien Impact Weapon 19535 | -2/Quarantine | Identified Core Stripper 19664 | -2/Quarantine | Found Alien Artifact 19664 | -2/Quarantine | Identified Subatomic Replicator 19673 | -2/Quarantine | Used Subatomic Replicator to replicate Hvy. Dispersion Rifle 19914 | -2/Quarantine | Spotted Fortress 19991 | -2/Quarantine | Identified exit to Section 7 19991 | -2/Quarantine | Discovered exit to Section 7 (range 18) 20018 | -2/Quarantine | Entered Section 7 20095 | -2/Section 7 | Found Alien Artifact 20095 | -2/Section 7 | Identified Integrity Redistributor 20095 | -2/Section 7 | Used Integrity Redistributor, redistributed integrity from core (-12) 20504 | -2/Section 7 | Found Alien Artifact 20504 | -2/Section 7 | Identified Microwarp Drive 20878 | -2/Section 7 | Found Prototype Device 20878 | -2/Section 7 | Identified Exp. Cloaking Device 20898 | -2/Section 7 | Discovered exit to Access (range 21) 21065 | -2/Section 7 | Reached level 33 21161 | -2/Section 7 | Found Prototype Device 21161 | -2/Section 7 | Identified Exp. Shield Generator 21236 | -2/Section 7 | Destroyed 11 combat bots 21265 | -2/Section 7 | Spotted Alpha 7 21268 | -2/Section 7 | Spotted Alpha 7 21279 | -2/Section 7 | Destroyed Alpha 7 21301 | -2/Section 7 | Destroyed Alpha 7 21405 | -2/Section 7 | Spotted B-99 Colossus 21509 | -2/Section 7 | Destroyed B-99 Colossus 21518 | -2/Section 7 | First assault squad dispatched 21598 | -2/Section 7 | Found Alien Artifact 21598 | -2/Section 7 | Identified LRC Insulator 21598 | -2/Section 7 | Installed LRC Insulator, gained EM resistance (25) 21606 | -2/Section 7 | Found LRC Insulator 21606 | -2/Section 7 | Installed LRC Insulator, gained EM resistance (25) 21675 | -2/Section 7 | Destroyed 7 combat bots 21868 | -2/Section 7 | Spotted Executioner 21868 | -2/Section 7 | Spotted Executioner 21873 | -2/Section 7 | Destroyed Executioner 21878 | -2/Section 7 | Destroyed Executioner 21936 | -2/Section 7 | Found Alien Artifact 21936 | -2/Section 7 | Identified Terrabomb 21936 | -2/Section 7 | Used Terrabomb 21967 | -2/Section 7 | Found Alien Energy Cannon 21967 | -2/Section 7 | Identified Drained L-Cannon 21996 | -2/Section 7 | Found Transdimensional Reconstructor 22079 | -2/Section 7 | Destroyed 10 combat bots 22130 | -2/Section 7 | Entered Access 22131 | -1/Access | Loaded intel: 114 machine locations 22131 | -1/Access | Loaded intel: 72 trap records 22131 | -1/Access | Identified exit to Surface 22131 | -1/Access | Discovered exit to Surface (range 89) 22131 | -1/Access | Identified exit to Command 22131 | -1/Access | Discovered exit to Command (range 78) 22132 | -1/Access | Reached level 34 22132 | -1/Access | Delivered the SGEMP Prototype to Zhirov 22132 | -1/Access | Zhirov transferred Access data 22254 | -1/Access | Zhirov warped through subspace 22378 | -1/Access | Entered Command 22380 | -1/Command | Reached level 35 22380 | -1/Command | Upgraded with Utility slot (x1) 22456 | -1/Command | Destroyed 8 combat bots 22588 | -1/Command | Disengaged cave seal 22590 | -1/Command | Welcomed Warlord to Command 22625 | -1/Command | Phase Generator disabled 22786 | -1/Command | Identified Sigix Terminator 22793 | -1/Command | Fired Sigix Terminator 22793 | -1/Command | Destroyed Combat Programmer 22793 | -1/Command | Destroyed Combat Programmer 22793 | -1/Command | Reached level 36 22798 | -1/Command | Spotted M Guard 22799 | -1/Command | Spotted M Guard 22811 | -1/Command | Warlord commented on Warlord statues 22819 | -1/Command | High security lockdown imminent 22831 | -1/Command | All MAIN.C guards destroyed 22899 | -1/Command | High security lockdown engaged 22992 | -1/Command | 0b10 Conduit disabled 22994 | -1/Command | Met MAIN.C 22996 | -1/Command | Warlord shut down involuntarily 23021 | -1/Command | Reached level 37 23021 | -1/Command | Destroyed MAIN.C Shell 23024 | -1/Command | MAIN.C activated Command garrisons 23028 | -1/Command | Zhirov used SGEMP to disable MAIN.C 23079 | -1/Command | Discovered exit to Surface (range 41) 23079 | -1/Command | Discovered exit to Surface (range 106) 23079 | -1/Command | Extracted map data and part IDs from MAIN.C's data core 23255 | -1/Command | Found Antimissile System 23751 | -1/Command | Found Beam Splitter 23754 | -1/Command | Found Zero-point Reactor 23758 | -1/Command | Found Vortex Chain Reactor 23835 | -1/Command | Found Null Cannon 24140 | -1/Command | Warped through subspace to slip node 24140 | -1/Command | Identified exit to Access_0 24140 | -1/Command | Discovered exit to Access_0 (range 5) 24151 | -1/Command | Entered Access_0 24153 | -1/Access_0 | Met Architect 24183 | -1/Access_0 | Destroyed A8 24197 | -1/Access_0 | Architect warped through subspace 24274 | -1/Access_0 | Architect warped through subspace 24317 | -1/Access_0 | Architect warped through subspace 24359 | -1/Access_0 | Architect warped through subspace 24396 | -1/Access_0 | Architect warped through subspace 24432 | -1/Access_0 | Architect warped through subspace 24453 | -1/Access_0 | Subspace Access Node disabled 24456 | -1/Access_0 | Architect warped through subspace 24496 | -1/Access_0 | Architect warped through subspace 24510 | -1/Access_0 | Architect warped through subspace 24524 | -1/Access_0 | Destroyed 7 combat bots 24543 | -1/Access_0 | Architect warped through subspace 24558 | -1/Access_0 | Architect warped through subspace 24594 | -1/Access_0 | Architect warped through subspace 24624 | -1/Access_0 | Architect warped through subspace 24635 | -1/Access_0 | Reached level 38 24635 | -1/Access_0 | Destroyed Architect 24636 | -1/Access_0 | Architect triggered a singularity event 24639 | -1/Access_0 | Warped through subspace to slip node 24639 | -1/Access_0 | Discovered exit to Surface (range 8) 24640 | -1/Access_0 | Released all parts (21) 24643 | *** | Escaped singularity! Last Messages --------------- 24640_ Released Adv. Phase Shifter. 24640_ Released AEGIS Remote Shield. 24640_ Released Hdn. Centrium Leg. 24640_ Released Adv. Particle Charger. 24640_ Released Lrn. Terrain Scanner. 24640_ Released SHELL Armor. 24640_ Released Hdn. Centrium Leg. 24640_ Released Hvy. Dispersion Rifle. 24640_ Released Adv. Target Analyzer. 24640_ Released Imp. Potential Cannon. 24640_ Released Adv. Reaction Control System. 24640_ Released Zero-point Reactor. 24640_ Released Vortex Chain Reactor. 24640_ Released Exp. Focal Shield. 24640_ Released Beam Splitter. 24641_ A0_COM: 6. 24642_ A0_COM: 5. 24643_ A0_COM: 4. [Achievement: Planet Killer] [Achievement: Superachiever] Map ----- +----------------------------------------------------+ | | | | | | | | | | | | | | | | | | | | | | | | | | | | | | | | | ?????????????????????????????????????????????????? | | ????????????????#?????????????????????????#??????? | | ????????#????????????????#?????????????????#?????? | | ??????#????????????????????#??#??????????????????? | | ??????????????????????????????????????#??#??#????? | | ?????????????????????????????????????????????????? | | ??????#?????????????????###??#???????????????????? | | ????##????????????#????## ##??????????????????#??? | | ???????????????????????# #?????????????????????? | | ??????????????#????????# @ #?#??#??????????#?????? | | ??????#???????????????## #?????????????????????? | | ?????????#???????????## #????????????????#????? | | ?????????????#????????# ! ##??????????????#??????? | | ???????????#??????????##!*!##????????????##??????? | | ??????????#???????????#[![*##????????????????????? | | ?????????????#????????#!*!##?????????????????????? | | ?#??????#?????#?#???#?#=[!=#???????#?????????????? | | ???????????????#??????#!==##?????????????????????? | | ???????????????##?????##=]#??????????????????????? | | ???????????????????#???####????????????????#??#??? | | ???????????????????????????????????????#?#???????? | | ?#????????????#????????????????????????#?????#???? | | ??#???????????????????????????????#?????#????????? | | ???????????????????????????????????????????#?????? | | ????????????????#????????????????????????????????? | | ???????????????????#?##??????????????????????????? | | ????????#????????????#???????????????????????????? | | ???????????????#???????????????????????#?????????? | | ???????????????????????????#?????????????????????? | | ?????????#?????????????#??#?????????????#????????? | | ?????????????????????????????????????????????????? | | ???????#??????????????????#?????#????????????????? | | ?????????????????????????#???????????????????????? | | ???????????????????#?????????????????????????????? | +----------------------------------------------------+ Best States ------------- Heat Dissipation 165 Energy Generation 112 Energy Capacity 1450 Matter Stores 300 Matter Capacity 300 Sight Range 20 Robot Scan Range 20 Terrain Scan Range 24 Terrain Scan Density 510 Jamming Range 16 Additional Mass Support 16 Armor Coverage 900 Resistance: KI 65 Resistance: TH 100 Resistance: EX 40 Resistance: EM 85 Resistance: I 35 Resistance: S 35 Resistance: P 35 Power Shielding 33 Weapon Shielding 90 Point Defense Rating 240 Weapon Cycling 15 Phase Shifting 15 Evasion (%) 76 Targeting Accuracy 8 Target Analysis 8 Core Analysis 6 Armor Integrity Analysis 40 Matter Filtering 50 Energy Filtering 30 Particle Charging 25 Kinecelleration 50 Offensive Hacking 20 Defensive Hacking 20 Item Schematics ----------------- Assault Drone Bay | -4/Zhirov | Free Exp. Heat Sink | -4/Zhirov | Free Exp. Optical Array | -4/Zhirov | Free Imp. Arc Thrower | -4/Zhirov | Free Ionic Axe | -3/Testing | Archive Imp. Matter Neutralizer | -3/Testing | Archive Proton Burst Cannon | -3/Testing | Archive Adv. Myomer Leg | -3/Testing | Archive Imp. Diametric Drive | -3/Testing | Archive Adv. Gravity Neutralizer | -3/Testing | Archive Lgt. Neutrino Core | -3/Testing | Archive Hvy. Hardcell Cannon | -3/Testing | Archive Molecular Scythe | -3/Testing | Archive Prc. Phase Gun | -3/Testing | Archive Imp. Lightning Gun | -3/Testing | Archive Robot Schematics ------------------ A-27 Freighter | -3/Testing | Archive K-01 Serf | -3/Testing | Archive G-67 Veteran | -3/Testing | Archive Fabricated ------------ Nothing Alien Tech Used ----------------- Integrated Dissipator Core Cannon Matter Drive Core Stripper Subatomic Replicator Integrity Redistributor Microwarp Drive LRC Insulator Terrabomb Drained L-Cannon Sigix Terminator Transdimensional Reconstructor Achievements -------------- Planet Killer Superachiever Challenges ------------ None RPGLIKE | -11 -10 -10 -10 -9 -8 -8 -8 -7 -7 -7 -7 -5 -5 -5 -5 -4 -4 -4 -4 -4 -3 -3 -3 -3 -2 -2 -2 -1 -1 -1 --------- Run | Scr Mat Min Exi Min Mat Gar Mat Fac Sto Gar Rec Fac Upp Upp War Pro Fac Upp Upp Zhi Pro Res Tes Gar Res Qua Sec Acc Com Ac0 Levels Raised 37 | . . 1 . . 5 3 2 1 2 1 1 3 1 . 1 1 2 . . . 1 3 1 . 1 1 1 1 3 1 XP Earned 61966 | 6000 890 750 200 843 7522 4055 2686 2135 2935 1819 498 5395 968 660 449 1596 2947 220 253 220 1553 3593 1423 862 1332 1072 1947 1533 4110 1500 XP Spent 59730 | 5940 . 1500 . . 7410 4000 3100 1900 1625 2000 2300 3380 2600 . 1700 . 2900 1600 . . 1500 2850 . 1250 3200 150 2000 . 6825 . Upgrades 98 | 23 . 4 . . 25 4 2 4 4 1 1 5 1 . 2 . 1 4 . . 1 2 . 5 1 1 1 . 6 . Power Slot 3 | . . 1 . . . . . 1 . . . . . . . . . . . . . 1 . . . . . . . . Propulsion Slot 4 | 1 . 1 . . . 1 . . . . . 1 . . . . . . . . . . . . . . . . . . Utility Slot 11 | 2 . . . . . 2 1 . . 1 1 . 1 . . . 1 . . . . . . . 1 . . . 1 . Weapon Slot 4 | 1 . . . . 2 . 1 . . . . . . . . . . . . . . . . . . . . . . . Core Integrity 8 | . . . . . 8 . . . . . . . . . . . . . . . . . . . . . . . . . Heat Dissipation 20 | 2 . 2 . . 8 . . 2 . . . 2 . . . . . 4 . . . . . . . . . . . . Energy Generation 1 | . . . . . . . . . . . . . . . . . . . . . . . . . . . . . 1 . Energy Storage 6 | . . . . . . . . . . . . . . . . . . . . . . . . 5 . . . . 1 . Mass Support 3 | . . . . . 1 . . . . . . . . . 2 . . . . . . . . . . . . . . . Inventory Capacity 8 | 3 . . . . 2 . . . . . . . . . . . . . . . 1 1 . . . . 1 . . . Sight Range 4 | 2 . . . . . . . . 2 . . . . . . . . . . . . . . . . . . . . . Sensor Range 10 | 9 . . . . . . . . 1 . . . . . . . . . . . . . . . . . . . . . Terrain Scan Density 5 | 3 . . . . 2 . . . . . . . . . . . . . . . . . . . . . . . . . Ranged Accuracy 5 | . . . . . . 1 . 1 . . . 2 . . . . . . . . . . . . . . . . 1 . KI Resistance % 1 | . . . . . . . . . 1 . . . . . . . . . . . . . . . . . . . . . EX Resistance % 1 | . . . . . . . . . . . . . . . . . . . . . . . . . . 1 . . . . TH Damage % 4 | . . . . . 2 . . . . . . . . . . . . . . . . . . . . . . . 2 . Protomatter Created 10992 | . 112 18 . . 306 353 546 149 332 436 54 700 109 197 . 232 690 100 68 . 280 1471 591 1210 . 375 1421 . 813 429 Integrity Restored 8909 | . 190 20 . . 393 426 287 202 289 355 . 548 127 69 . 353 476 243 89 . 9 792 864 534 . 219 1083 43 349 949 Core 5380 | . 98 19 . . 268 264 158 71 138 213 . 182 53 45 . 251 267 154 3 . . 487 267 424 . 178 747 35 276 782 Parts 3529 | . 92 1 . . 125 162 129 131 151 142 . 366 74 24 . 102 209 89 86 . 9 305 597 110 . 41 336 8 73 167 Protomatter Decayed 9282 | . 46 10 . . 164 170 365 30 123 291 62 439 251 111 1417 98 550 . 82 . 182 1178 417 938 442 309 697 . 812 98 Game ------ Seed MasterKineticStick Manual? 0 Play Time 03:56:27 Cumulative 265.1 hours Start 2022.06.18 @ 13:23:36 End 2022.06.19 @ 18:11:45 Sessions 5 Manual Loads 0 Difficulty Explorer Special Mode Winter2019/RPGLIKE Game No. 89 Rogue 0 Adventurer 1 Explorer 88 Win Type 6 Total 17 Types 9/0/4/3/0/0/1/0/0 Lore% 87 Gallery% 87 Achievement% 75 Wizard Run 0 Options --------- ASCII 0 Keyboard 1 Movement Numpad Keybinds 0 Fullscreen 0 Font 14/Terminus Map View 76x50 Tactical HUD 1 Map Filters BRIGHTNESS(150) Filters NONE Steam 1 RUN: f9054f74-fd4e-4153-a558-3ea9bb33b6ac